 Dungeon Crawl Stone Soup version 0.32-a0-711-g016ad743e0 (webtiles) character file.

Game seed: 13722501374567784307

2 Griffin23 the Trooper (level 1, -1/1 (18) HPs)
             Began as a Formicid Berserker on Mar 15, 2024.
             Was a Follower of Trog.
             Slain by a ball python (2 damage)
             ... on level 1 of the Dungeon.
             The game lasted 00:00:23 (109 turns).

Griffin23 the Trooper (Formicid Berserker)           Turns: 109, Time: 00:00:24

HP:   -1/1 (18)     AC:  2    Str: 21    XL:     1   Next: 33%
MP:   1/1           EV: 11    Int:  6    God:    Trog [*.....]
Gold: 0             SH:  0    Dex: 13    Spells: 0/0 levels left

rFire   . . .        a - +0 falchion
rCold   . . .        (no shield)
rNeg    . . .        b - +0 animal skin
rPois   .            (helmet unavailable)
rElec   .            (no cloak)
rCorr   .            (no gloves)
SInv    +            (no boots)
Will    .....        (no amulet)
Stlth   +            (no ring)
HPRegen 0.20/turn    (no ring)
MPRegen 0.07/turn

%: no passive effects
@: extremely drained
A: permanent stasis, dig shafts and tunnels, antennae 3, four strong arms
a: Dig, Shaft Self, Renounce Religion


You were on level 1 of the Dungeon.
You worshipped Trog.
Trog was aware of your devotion.
You visited 1 branch of the dungeon, and saw 1 of its levels.

Inventory:

Hand Weapons
 a - a +0 falchion (weapon)
Armour
 b - a +0 animal skin (worn)
Potions
 c - 2 potions of brilliance {unknown}


   Skills:
 + Level 3.3 Fighting
 + Level 3.0 Long Blades
 + Level 2.2 Armour
 + Level 1.8 Dodging


You couldn't memorise any spells.
You didn't know any spells.
Your spell library was empty.

Dungeon Overview and Level Annotations

Branches:
Dungeon (1/15)

Altars:


Innate Abilities, Weirdness & Mutations

You cannot be hasted, slowed, berserked, paralysed or teleported.
You can dig through walls and to a lower floor.
You have a pair of large antennae on your head. (SInv)
Your four strong arms can wield two-handed weapons with a shield.


Message History

Trog accepts your kill.
No target in view!
No target in view!
HP restored.
c - 2 smoky ruby potions You extend your mandibles.
You retract your mandibles.
You extend your mandibles.
You dig through the rock wall.
You feel drained.
You dig through the rock wall.
You feel drained.
You dig through the rock wall.
You feel drained.
You dig through the rock wall.
You feel drained.
You dig through the rock wall.
You feel drained.
You dig through the rock wall.
You feel drained.
You dig through the rock wall.
You feel drained.
You dig through the rock wall.
You feel drained.
You dig through the rock wall.
You feel drained.
You dig through the rock wall.
You feel drained.
You dig through the rock wall.
You feel drained.
You dig through the rock wall.
You feel drained.
You dig through the rock wall.
You feel drained.
You dig through the rock wall.
You feel drained.
You dig through the rock wall.
You feel drained.
You dig through the rock wall.
You feel drained.
You dig through the rock wall.
You feel drained.
You dig through the rock wall.
You feel drained.
You dig through the rock wall.
You feel drained.
You dig through the rock wall.
You feel drained.
You dig through the rock wall.
You feel drained.
You dig through the rock wall.
You feel drained.
You dig through the rock wall.
You feel drained.
You dig through the rock wall.
You feel drained.
You dig through the rock wall.
You feel drained.
You dig through the rock wall.
You feel drained.
A ball python and a kobold come into view.
The ball python hisses angrily.
You retract your mandibles.
You closely miss the ball python. The ball python bites you.
Ouch! That really hurt!
You die...

#.# #......# #.#
#........
#.########........
#.......##.........
#######.##.........#
#.##......
#.#.......
#.#......#
#.@S.....#
###.K....# .......
....... ######.


You could see a ball python and a kobold.

Vanquished Creatures
  An endoplasm (D:1)
  A ball python (D:1)
2 creatures vanquished.

Notes
Turn   | Place    | Note
-------+----------+-------------------------------------------
     0 | D:1      | Griffin23 the Formicid Berserker began the quest for the
                  | Orb.
     0 | D:1      | Reached XP level 1. HP: 18/18 MP: 1/1
   109 | D:1      | Slain by a ball python

Illustrated notes

Levels and vault maps discovered:
D:1:      saegor_arrival_simple_c, layout_basic, minmay_cupped

Action                     || total
---------------------------++-------
  Melee: Falchion          ||     5
Ability: Dig               ||     2
 Armour: Animal skin       ||     3
  Dodge: Dodged            ||     2

Table legend: (Time is in decaauts)
 A = Elapsed time spent in this place.
 B = Non-inter-level travel time spent in this place.
 C = Inter-level travel time spent in this place.
 D = Time resting spent in this place.
 E = Time spent auto-exploring this place.
 F = Levels seen in this place.
 G = Mean time per level.
                   A        B        C        D        E       F      G
               +--------+--------+--------+--------+--------+-----+--------+
         Total |    109 |    109 |      0 |      0 |     64 |   1 |  109.0 |
       Dungeon |    109 |    109 |      0 |      0 |     64 |   1 |  109.0 |
               +--------+--------+--------+--------+--------+-----+--------+

Top non-repeatable levels by time:
     D:1: 109 daAuts
